 Dungeon Crawl Stone Soup version 0.19.4-9-g45fd643 (webtiles) character file.

153 vatarom the Firebug (level 5, 0/30 HPs)
             Began as a Deep Elf Fire Elementalist on Feb 19, 2017.
             Succumbed to an adder's poison
             ... on level 3 of the Dungeon.
             The game lasted 00:05:20 (2771 turns).

vatarom the Firebug (Deep Elf Fire Elementalist)    Turns: 2771, Time: 00:05:20

Health: 0/30       AC:  4    Str: 11    XL:     5   Next: 12%
Magic:  0/11       EV: 13    Int: 20    God:
Gold:   140        SH:  0    Dex: 15    Spells: 3 memorised, 4 levels left

rFire  . . .     SeeInvis .     e - +1 dagger
rCold  . . .     Gourm    .     a - +0 robe
rNeg   . . .     Faith    .     (no shield)
rPois  .         Spirit   .     (no helmet)
rElec  .         Reflect  .     f - +1 cloak
rCorr  .         Harm     .     (no gloves)
MR     .....                    (no boots)
Stlth  ++........               (no amulet)
                                (no ring)
                                (no ring)

@: mighty, lethally poisoned (0 -> -9), very slightly contaminated
A: no striking features
a: no special abilities


You were on level 3 of the Dungeon.
You were hungry.

You visited 1 branch of the dungeon, and saw 3 of its levels.

You collected 140 gold pieces.

Inventory:

Hand Weapons
 e - a +1 dagger (weapon)
Armour
 a - a +0 robe (worn)
 f - a +1 cloak (worn)
Scrolls
 c - a scroll of remove curse {unknown}
 h - 2 scrolls of identify
Potions
 d - a potion of might
Books
 b - a book of Flames

   Spells                             Type                      Level
   a - Flame Tongue                   Conjuration/Fire             1
   b - Throw Flame                    Conjuration/Fire             2
   c - Conjure Flame                  Conjuration/Fire             3
   d - Inner Flame                    Hexes/Fire                   3
   e - Sticky Flame                   Conjuration/Fire             4
   f - Fireball                       Conjuration/Fire             5
Comestibles
 g - a beef jerky
 j - 2 slices of pizza


   Skills:
 - Level 2.0 Fighting
 - Level 2.4 Dodging
 - Level 2.4 Stealth
 - Level 3.0 Spellcasting
 + Level 3.2 Conjurations
 + Level 4.5 Fire Magic


You had 4 spell levels left.
You knew the following spells:

 Your Spells              Type           Power        Failure   Level  Hunger
a - Flame Tongue          Conj/Fire      ###..        2%          1    None
b - Throw Flame           Conj/Fire      ###...       4%          2    ##.....
c - Conjure Flame         Conj/Fire      ###.....     10%         3    ###....


Dungeon Overview and Level Annotations

Branches:
Dungeon (3/15)

Altars:


Message History

* * * LOW HITPOINT WARNING * * *
You feel very mighty all of a sudden. The adder bites you.
* * * LOW HITPOINT WARNING * * *
You are more poisoned.
The adder poisons you!
You closely miss the adder.
The adder is severely wounded.
* * * LOW HITPOINT WARNING * * *
You feel sick. The adder bites you.
* * * LOW HITPOINT WARNING * * *
The adder bites you but does no damage.
Unknown command.
Casting: Flame Tongue
Confirm with . or Enter, or press ? or * to list all spells.
You don't know that spell.
Unknown command.
You puncture the adder!
You kill the adder!
You die...

.......# #. #..........
.......# #..#.........
.......# #.#.......#
.......# #.......$.#
.......# #........#
...###.# #........#
.###...# #....†...#
##.....# ##.##.####
[......# #.##@# ##.....#
#.##'#######
.###...######...........
...###..................
##......######..........
###...(# #..........
###..# #..........
#....# #..........
#......# ###+#######


There were no monsters in sight!

Vanquished Creatures
  A bullfrog zombie (D:3)
  9 adders
  A worm (D:2)
  2 orcs (D:3)
  2 bats
  A giant cockroach (D:2)
  2 goblins (D:2)
  2 hobgoblins
  A jackal (D:2)
  6 kobolds
  3 quokkas
  A ball python (D:2)
  2 frilled lizards
  7 rats
40 creatures vanquished.

Notes
Turn   | Place    | Note
-------+----------+-------------------------------------------
     0 | D:1      | vatarom the Deep Elf Fire Elementalist began the quest for the Orb.
     0 | D:1      | Reached XP level 1. HP: 10/10 MP: 6/6
   264 | D:1      | Reached skill level 1 in Fighting
  1011 | D:2      | Reached XP level 2. HP: 16/16 MP: 4/8
  1107 | D:2      | Learned a level 2 spell: Throw Flame
  1159 | D:2      | Reached XP level 3. HP: 20/21 MP: 2/9
  2023 | D:3      | Learned a level 3 spell: Conjure Flame
  2217 | D:3      | Reached XP level 4. HP: 21/26 MP: 5/10
  2300 | D:3      | Reached skill level 4 in Fire Magic
  2766 | D:3      | Reached XP level 5. HP: 16/30 MP: 2/11
  2770 | D:3      | HP: 1/30 [adder (3)]
  2771 | D:3      | Succumbed to an adder's poison

Skill      XL: |  1  2  3  4 |
---------------+-------------+-----
Fighting       | 1 2 |  2.0
Conjurations   | 2 3 |  3.2
Fire Magic     | 4 |  4.5
Dodging        | |  2.4
Stealth        | |  2.4
Spellcasting   | |  3.0

Action                   |  1- 3 |  4- 6 || total
-------------------------+-------+-------++-------
Melee: Dagger            |    58 |     7 ||    65
 Cast: Flame Tongue      |    23 |    32 ||    55
       Throw Flame       |     5 |     1 ||     6
  Use: Scroll            |     7 |       ||     7
       Potion            |     3 |     1 ||     4
 Stab: Sleeping          |     6 |       ||     6
  Eat: Bread ration      |     1 |       ||     1
       Chunk             |     1 |       ||     1
Armor: Robe              |    15 |     9 ||    24
Dodge: Dodged            |    39 |    32 ||    71
